 Dungeon Crawl Stone Soup version 0.20-a0-223-g066d66b (webtiles) character file.

79 Britannicus the Charmwright (level 4, -12/34 HPs)
             Began as a Merfolk Skald on Nov 29, 2016.
             Killed by divine providence
             ... invoked by an orc priest
              (13 damage)
             ... on level 4 of the Dungeon.
             The game lasted 00:08:42 (1359 turns).

Britannicus the Charmwright (Merfolk Skald)         Turns: 1359, Time: 00:08:50

Health: -12/34     AC:  5    Str: 13    XL:     4   Next: 37%
Magic:  7/7        EV: 11    Int: 11    God:
Gold:   142        SH:  0    Dex: 13    Spells: 7/7 levels left

rFire  . . .     SeeInvis .     a - +0 falchion
rCold  . . .     Gourm    .     n - +0 ring mail
rNeg   . . .     Faith    +     (no shield)
rPois  .         Spirit   .     (no helmet)
rElec  .         Reflect  .     (no cloak)
rCorr  .         Harm     .     (no gloves)
MR     .....                    (no boots)
Stlth  +.........               f - amulet of faith
                                (no ring)
                                (no ring)

@: lethally poisoned (-12 -> -13), very slightly contaminated
A: change form in water, swift swim, stealthy swim
a: no special abilities


You were on level 4 of the Dungeon.
You were not hungry.

You visited 1 branch of the dungeon, and saw 4 of its levels.

You collected 142 gold pieces.

Inventory:

Hand Weapons
 a - a +0 falchion (weapon)
 g - a cursed -1 dagger
Armour
 b - a +0 leather armour
 n - a +0 ring mail (worn)
 r - a +0 robe
Jewellery
 f - an amulet of faith (around neck)
 p - an uncursed amulet of harm
Scrolls
 h - 2 scrolls of recharging
 j - 2 scrolls of identify
 q - a scroll of amnesia
Potions
 e - 2 potions of cancellation {unknown}
 i - 2 potions of agility {unknown}
 k - a potion of invisibility {unknown}
 l - a potion of degeneration {unknown}
 o - a potion of curing {unknown}
Books
 c - a book of Battle

   Spells                             Type                      Level
   a - Infusion                       Charms                       1
   b - Shroud of Golubria             Charms/Translocation         2
   c - Song of Slaying                Charms                       2
   d - Spectral Weapon                Hexes/Charms                 3
   e - Regeneration                   Charms/Necromancy            3
Comestibles
 d - a meat ration
 s - a bread ration


   Skills:
 + Level 2.7 Fighting
 + Level 2.9 Long Blades
 + Level 1.3 Armour
 + Level 2.5 Dodging
 + Level 0.2 Stealth
 + Level 2.2 Spellcasting
   Level 3.6 Charms


You had 7 spell levels left.
You didn't know any spells.

Dungeon Overview and Level Annotations

Branches:
Dungeon (4/15)
 Temple: D:4-7

Altars:


Message History

The orc priest hits you.
* * * LOW HITPOINT WARNING * * *
There is a stone staircase leading down here.
* * * LOW HITPOINT WARNING * * *
You feel sick.
The orc priest looks encouraged for a moment.
You climb downwards.
Found a shiny buckler.
There is a stone staircase leading up here.
The orc priest misses you.
You riposte.
You closely miss the orc priest.
The orc priest is heavily wounded.
Blink to where?
Press: ? - help, Dir - move target cursor You are very lightly contaminated with residual magic.
As you read the scroll of blinking, it crumbles to dust.
* * * LOW HITPOINT WARNING * * *
You feel sick.
The orc priest mumbles some strange prayers to Beogh against you.
Beogh smites you!
You die...

#..............
#.[...<........
##.....o§.......
#...............
##..............
##.............
##............
##...........
##@.........
##.........
#...... ##....
... .. .


You could see an orc priest.

Vanquished Creatures
  3 adders
  A worm (D:2)
  A dart slug (D:2)
  A leopard gecko (D:2)
  An orc (D:3)
  A ball python (D:3)
  A giant cockroach (D:1)
  9 goblins
  6 hobgoblins
  2 jackals (D:1)
  5 bats
  3 frilled lizards (D:2)
  2 kobolds (D:1)
  8 rats
44 creatures vanquished.

Notes
Turn   | Place    | Note
-------+----------+-------------------------------------------
     0 | D:1      | Britannicus the Merfolk Skald began the quest for the Orb.
     0 | D:1      | Reached XP level 1. HP: 16/16 MP: 3/3
    95 | D:1      | Reached XP level 2. HP: 12/22 MP: 5/5
   456 | D:1      | Reached XP level 3. HP: 24/28 MP: 6/6
   959 | D:2      | Reached skill level 1 in Armour
  1191 | D:2      | Reached XP level 4. HP: 34/34 MP: 7/7
  1359 | D:4      | HP: 1/34 [poisoned by an adder]
  1359 | D:4      | Killed from afar by an orc priest

Vault maps used:
D:1:      dpeg_arrival_court
D:2:      first_bread
D:4:      fedhas_altar_1

Skill      XL: |  1  2  3 |
---------------+----------+-----
Dodging        | 2 |  2.5
Armour         | 1 |  1.3
Fighting       | |  2.7
Long Blades    | |  2.9
Stealth        | |  0.2
Spellcasting   | |  2.2
Charms         | |  3.6

Action                   |  1- 3 |  4- 6 || total
-------------------------+-------+-------++-------
Melee: Falchion          |    87 |    35 ||   122
  Use: Scroll            |     9 |     1 ||    10
  Eat: Bread ration      |     1 |       ||     1
Armor: Leather armour    |    39 |       ||    39
       Ring mail         |       |    13 ||    13
Dodge: Dodged            |   100 |    20 ||   120
       Rpst.: Falchion   |    39 |     9 ||    48
